 Dungeon Crawl Stone Soup version 0.32-a0-876-gcfddb08e57 (webtiles) character file.

Game seed: 11471253549168969462

699 timneilson the Ruffian (level 7, -12/45 HPs)
             Began as an Octopode Shapeshifter on Apr 1, 2024.
             Mangled by an ogre
             ... wielding a +0 giant spiked club
              (27 damage)
             ... on level 5 of the Dungeon.
             The game lasted 00:07:07 (4139 turns).

timneilson the Ruffian (Octopode Shapeshifter)      Turns: 4139, Time: 00:07:07

Health: -12/45     AC:  1    Str: 15    XL:     7   Next: 65%
Magic:  7/7        EV: 12    Int: 13    God:
Gold:   319        SH:  0    Dex: 11    Spells: 6/6 levels left

rFire   . .          .
                       - Unarmed
rCold   . . .        (no shield)
rNeg    . . .        (helmet currently unavailable)
rPois   +            (no amulet)
rElec   .            d - ring of poison resistance
rCorr   .            (no ring)
SInv    .            (no ring)
Will    .....        (no ring)
Stlth   +++          (no ring)
HPRegen 0.27/turn    (no ring)
MPRegen 0.10/turn    (no ring)
                     (no ring)

%: no passive effects
@: beast-form
A: beast (slay +2), almost no armour, amphibious, 8 rings, camouflage 1,
gelatinous body 1, (nimble swimmer 1), tentacles
a: Begin Untransformation


You were on level 5 of the Dungeon.
You were a hulking beast.
You visited 1 branch of the dungeon, and saw 5 of its levels.

You collected 319 gold pieces.

Inventory:

Missiles
 l - 4 poisoned darts (quivered)
Jewellery
 d - a ring of poison resistance (left tentacle)
Talismans
 b - a beast talisman (active)
 c - a flux talisman
Wands
 g - a wand of flame (66)
 k - a wand of iceblast (5)
Scrolls
 h - 2 scrolls of vulnerability
 m - a scroll of revelation
 n - a scroll of identify
 r - 2 scrolls of summoning {unknown}
Potions
 a - a potion of lignification
 e - a potion of magic
 f - 2 potions of attraction
 i - 4 potions of might
 j - 2 potions of curing
 o - a potion of resistance {unknown}
 p - a potion of heal wounds {unknown}
 q - 2 potions of invisibility {unknown}


   Skills:
 + Level 2.9 Fighting
 + Level 3.6 Dodging
 + Level 4.0 Stealth
 * Level 5.1 Unarmed Combat
 + Level 2.3 Evocations
 * Level 4.5 Shapeshifting


You had 6 spell levels left.
You didn't know any spells.
Your spell library contained the following spells:

 Spells                   Type           Power      Damage    Failure   Level
 Blink                    Tloc           0%         N/A       43%         2
 Lesser Beckoning         Tloc           0%         N/A       43%         2
 Momentum Strike          Conj/Tloc      0%         3d8       43%         2
 Animate Dead             Necr           0%         N/A       97%         4
 Borgnjor's Vile Clutch   Necr/Erth      0%         N/A       100%        5
 Death Channel            Necr           0%         N/A       100%        6


Dungeon Overview and Level Annotations

Branches:
Dungeon (5/15)
 Temple: D:4-7

Altars:
Makhleb


Innate Abilities, Weirdness & Mutations

You are a hulking beast.
Your limbs bulge with bestial killing power. (Slay +2)
You cannot wear most types of armour.
You are amphibious.
You can wear up to eight rings at the same time.
Your skin changes colour to match your surroundings (Stealth+).
Your rubbery body absorbs attacks. (AC +1, EV +1)
((You are camouflaged when in or above water. (Stealth+)))
You have tentacles for arms and can constrict up to eight enemies at once.


Message History

You constrict the hound. The hound closely misses you.
You tentacle-slap the hound.
The hound is severely wounded.
You constrict the hound.
You kill the hound!
Your Stealth skill increases to level 4!
You closely miss the orc. You grab the orc. You squeeze the orc.
The orc is moderately wounded.
You constrict the orc. You completely miss the orc.
The orc is heavily wounded.
You constrict the orc. The orc barely misses you.
You bludgeon the orc!
You kill the orc!
There is an open door here.
Items here: ))) [[[ †.
Items here: )) [[ ††.
HP restored.
There is an open door here.
Items here: ))) [[[ †.
n - a scroll of identify You now have 319 gold pieces (gained 9).
Found a stone staircase leading up.
r - 2 scrolls labelled VOFOSA NUBODE An ogre comes into view.
It is wielding a +0 giant spiked club.
The helpless ogre fails to defend itself.
You bludgeon the ogre!
The ogre is moderately wounded.
The ogre hits you with a +0 giant spiked club!!
Ouch! That really hurt!
You barely miss the ogre.
The ogre is moderately wounded.
The ogre closely misses you.
You barely miss the ogre.
The ogre is moderately wounded.
You bludgeon the ogre!
The ogre is severely wounded.
The ogre hits you with a +0 giant spiked club!!
Ouch! That really hurt!
You die...

............<......
###########.#######
..................#
###########.#####.#
# #.......#.# ..#
#.###.#.#.######
....# #.#
#.#.#....... .....#
#.# #.#.........


PP.... #.# #.#.h..##.. ~P... #.# #.#..O.# P..#. ..# #.#.#..# .+# ... .......#
.## #.#.#.## #.#.#.# # #.#.# #. .# You could see an ogre.

Vanquished Creatures
  Sigmund (D:4)
  An ice beast (D:4)
  A phantom (D:4)
  A jelly (D:4)
  2 hounds (D:5)
  A bombardier beetle (D:3)
  A sleepcap (D:4)
  An iguana (D:4)
  Ijyb (D:2)
  An orc wizard (D:5)
  6 adders
  6 dart slugs
  5 orcs
  2 ball pythons
  6 endoplasms
  5 hobgoblins
  4 jackals (D:1)
  5 quokkas
  8 bats
  3 frilled lizards
  11 goblins
  5 kobolds
  4 rats
81 creatures vanquished.

Notes
Turn   | Place    | Note
-------+----------+-------------------------------------------
     0 | D:1      | timneilson the Octopode Shapeshifter began the quest for
                  | the Orb.
     0 | D:1      | Reached XP level 1. HP: 13/13 MP: 1/1
   214 | D:1      | Reached XP level 2. HP: 18/18 MP: 2/2
   292 | D:1      | Reached skill level 1 in Stealth
   597 | D:1      | Reached XP level 3. HP: 23/23 MP: 3/3
  1871 | D:2      | Noticed Ijyb
  1884 | D:2      | Reached XP level 4. HP: 28/28 MP: 4/4
  1903 | D:2      | Killed Ijyb
  2234 | D:3      | Reached skill level 4 in Unarmed Combat
  2234 | D:3      | Reached XP level 5. HP: 29/34 MP: 5/5
  3029 | D:4      | Noticed a phantom
  3043 | D:4      | Killed a phantom
  3044 | D:4      | Reached skill level 1 in Evocations
  3044 | D:4      | Reached XP level 6. HP: 22/39 MP: 6/6
  3652 | D:4      | Found a burning altar of Makhleb.
  3676 | D:4      | Noticed Sigmund
  3686 | D:4      | Killed Sigmund
  3687 | D:4      | Reached XP level 7. HP: 15/45 MP: 7/7
  3869 | D:5      | Entered Level 5 of the Dungeon
  3884 | D:4      | Reached skill level 5 in Unarmed Combat
  4139 | D:5      | Mangled by an ogre

Illustrated notes

Levels and vault maps discovered:
D:1:      roderic_crop_circles_arrival_small, layout_basic,
          nicolae_figureground_sparkle
D:2:      kennysheep_the_goblin_king, layout_basic, bh_walls_and_bars
D:3:      layout_loops_cross, minmay_misc_feat_alley, minmay_hedge_maze,
          kennysheep_generic_room_3, uniq_ijyb
D:4:      layout_cave_pools, lemuel_crystal_altar, nrook_uturn, uniq_sigmund
D:5:      dreamdust_elfheim, layout_basic, tso_oasis_becter,
          gammafunk_ghost_nasty_kobolds, dk_vineyard_1, nicolae_shop_clearance,
          uniq_duvessa, uniq_pikel

Skill      XL: |  1  2  3  4  5  6  7 |
---------------+----------------------+-----
Stealth        | 1 2 3 4 |  4.0
Fighting       | 2 |  2.9
Unarmed Combat | 4 5 |  5.1
Dodging        | 3 |  3.6
Evocations     | 1 2 |  2.3
Shapeshifting  | 4 |  4.5

Action                     |  1- 3 |  4- 6 |  7- 9 || total
---------------------------+-------+-------+-------++-------
  Melee: Unarmed           |    75 |    85 |    34 ||   194
         Constrict         |    24 |    20 |     6 ||    50
         Tentacles         |     9 |    12 |     3 ||    24
         Punch             |       |     7 |     3 ||    10
    Use: Scroll            |     5 |     3 |     2 ||    10
   Stab: Sleeping          |    12 |     7 |     1 ||    20
 Armour: Skin              |    28 |    33 |    16 ||    77
  Dodge: Dodged            |    38 |    35 |    21 ||    94

Table legend: (Time is in decaauts)
 A = Elapsed time spent in this place.
 B = Non-inter-level travel time spent in this place.
 C = Inter-level travel time spent in this place.
 D = Time resting spent in this place.
 E = Time spent auto-exploring this place.
 F = Levels seen in this place.
 G = Mean time per level.
                   A        B        C        D        E       F      G
               +--------+--------+--------+--------+--------+-----+--------+
         Total |   4124 |   4040 |     84 |    395 |   2900 |   5 |  824.8 |
       Dungeon |   4124 |   4040 |     84 |    395 |   2900 |   5 |  824.8 |
               +--------+--------+--------+--------+--------+-----+--------+

Top non-repeatable levels by time:
     D:2: 1170 daAuts
     D:4: 976 daAuts
     D:1: 955 daAuts
     D:3: 833 daAuts
     D:5: 189 daAuts
